 Dungeon Crawl Stone Soup version 0.25.1-2-g60ff931df9 (webtiles) character file.

Game seed: 16367467942374183712

48779 Luthien the Eclecticist (level 14, -14/88 HPs)
             Began as a Deep Elf Conjurer on Sept 4, 2020.
             Was a High Priest of Vehumet.
             Demolished by a sun demon (16 damage)
             ... on level 2 of the Orcish Mines.
             The game lasted 02:35:34 (32690 turns).

Luthien the Eclecticist (Deep Elf Conjurer)        Turns: 32690, Time: 02:35:35

Health: -14/88     AC: 12    Str:  5      XL:     14   Next: 13%
Magic:  20/35      EV: 25    Int: 27 (28) God:    Vehumet [*****.]
Gold:   1246       SH:  0    Dex: 17      Spells: 18/43 levels left

rFire    . . .     SeeInvis .   a - +8 war axe of Gluttony {drain, Int+2 Dex+2}
rCold    . . .     Gourm    .   (no shield)
rNeg     . . .     Faith    .   I - +1 ring mail {rPois}
rPois    +         Spirit   .   k - +0 helmet
rElec    .         Reflect  .   y - +2 cloak
rCorr    +         Harm     .   K - +0 pair of gloves
MR       +....                  d - +0 pair of boots
Stlth    ++++......             x - amulet of the acrobat
HPRegen  0.24/turn              V - ring of stealth
MPRegen  0.24/turn              l - ring of resist corrosion

@: acrobat, lightly drained
A: no striking features
a: Renounce Religion


You were on level 2 of the Orcish Mines.
You worshipped Vehumet.
Vehumet was extremely pleased with you.
You were not hungry.

You visited 6 branches of the dungeon, and saw 24 of its levels.

You collected 1461 gold pieces.
You spent 215 gold pieces at shops.

Inventory:

Hand Weapons
 a - the +8 war axe of Gluttony (weapon) {drain, Int+2 Dex+2}
   (You took it off a centaur on level 5 of the Dungeon)

   A truly terrible weapon, it drains the life of those it strikes.
   It affects your intelligence (+2).
   It affects your dexterity (+2).
Missiles
 e - 3 atropa-tipped darts
 f - 18 arrows
 h - 4 throwing nets
 j - 479 stones (quivered)
 r - 14 sling bullets
 w - 6 curare-tipped darts
 S - 9 boomerangs
 W - 7 javelins
Armour
 d - a +0 pair of boots (worn)
 k - a +0 helmet (worn)
 v - a +2 robe of magic resistance
 y - a +2 cloak (worn)
 I - a +1 ring mail of poison resistance (worn)
 K - a +0 pair of gloves (worn)
Jewellery
 l - a ring of resist corrosion (right hand)
 m - an uncursed ring of wizardry
 x - an amulet of the acrobat (around neck)
 D - an uncursed ring of flight
 G - an uncursed ring of protection from cold
 N - a +6 ring of intelligence
 V - a ring of stealth (left hand)
Wands
 C - a wand of iceblast (7)
 E - a wand of flame (31)
 H - a wand of polymorph (19)
 M - a wand of digging (8)
Scrolls
 g - 4 scrolls of magic mapping
 i - a scroll of holy word
 o - a scroll of enchant armour
 p - a scroll of enchant weapon
 q - a scroll of summoning
 s - 6 scrolls of remove curse
 L - a scroll of fog
 O - a scroll of fear
 Q - a scroll of blinking
 Z - 4 scrolls of teleportation
Potions
 b - 6 potions of heal wounds
 n - 3 potions of lignification
 t - 5 potions of brilliance
 u - 8 potions of curing
 A - a potion of flight
 B - 2 potions of haste
 F - a potion of ambrosia
 J - 2 potions of magic
 P - a potion of invisibility
 R - a potion of berserk rage {unknown}
 T - 2 potions of might
Comestibles
 c - 29 rations
 z - 11 chunks of flesh


   Skills:
 + Level 10.2(9.7) Fighting
 - Level 3.0(2.5) Dodging
 + Level 8.5(8.0) Stealth
 + Level 15.3(14.7) Spellcasting
 + Level 13.5(13.0) Conjurations
 - Level 6.0(5.5) Hexes
 - Level 3.0(2.5) Summonings
 - Level 4.0(3.5) Necromancy
 - Level 4.0(3.5) Translocations
 + Level 9.7(9.2) Fire Magic
 * Level 3.4(3.0) Air Magic


You had 18 spell levels left.
You knew the following spells:

 Your Spells              Type           Power        Failure   Level  Hunger
a - Magic Dart            Conj           ####         1%          1    None
b - Searing Ray           Conj           ######       1%          2    None
i - Iskenderun's Mystic   Conj/Tloc      ######..     1%          4    None
p - Fulminant Prism       Conj/Hex       ######....   1%          4    None
A - Animate Skeleton      Necr           N/A          3%          1    None
B - Summon Small Mammal   Summ           ####         4%          1    None
C - Foxfire               Conj/Fire      ####         1%          1    None
D - Stone Arrow           Conj/Erth      ######       1%          3    None
E - Airstrike             Air            #####.....   10%         4    None
F - Sticky Flame          Conj/Fire      ######..     1%          4    None

Your spell library contained the following spells:

 Spells                   Type           Power        Failure   Level  Hunger
 Corona                   Hex            #####..      1%          1    None
 Dazzling Flash           Conj/Hex       ######       1%          3    None
 Apportation              Tloc           #####.       3%          1    None
 Summon Butterflies       Summ           ####....     4%          1    None
 Confusing Touch          Hex            #####...     4%          3    None
 Tukima's Dance           Hex            #####...     4%          3    None
 Ensorcelled Hibernation  Hex/Ice        ####..       6%          2    None
 Beastly Appendage        Tmut           ###...       13%         1    None
 Sting                    Tmut/Pois      ###.         13%         1    None
 Sticks to Snakes         Tmut           ###.....     19%         2    None
 Spider Form              Tmut/Pois      ###.......   36%         3    None


Dungeon Overview and Level Annotations

Branches:
Dungeon (14/15)            Temple (1/1) D:5            Lair (5/6) D:9
  Swamp (1/4) Lair:2       Spider (1/4) Lair:3          Orc (2/2) D:11
 Vaults (0/5) D:14
  Slime: Lair:5-6       Elf: Orc:2

Altars:
Ashenzari
Cheibriados
Dithmenos
Fedhas
Hepliaklqana
Kikubaaqudgha
Nemelex Xobeh
Okawaru
Qazlal
Ru
Sif Muna
Trog
Uskayaw
Vehumet
Wu Jian
Xom
Yredelemnul
The Shining One
Beogh

Shops:
D:6 *   D:10 ?   Orc:2 %*

Annotations:
D:6 crashwall
D:8 2 transporters, Farlane's ghost, novice DDBe
D:12 4 exclusions
D:13 !pandemonium lord, 8 exclusions, Frances; Nessos


Message History

The blast of energy engulfs the orc high priest!
The orc high priest is moderately wounded.
The blast of energy engulfs the sun demon!!
The sun demon is almost dead.
You hear a shout! x13
Things that are here:
a +0 dagger; a +0 leather armour; an orc corpse
Casting: Fulminant Prism (mildly dangerous; 1% risk of failure)
Confirm with . or Enter, or press ? or * to list all spells.
Aiming: Fulminant Prism (mildly dangerous; 1% risk of failure)
Press: ? - help, Dir - move target cursor You conjure a prism of explosive energy!
A fulminant prism comes into view.
The sun demon hits you.
You are engulfed in flames!!
* * * LOW HITPOINT WARNING * * *
Unknown command.
The sun demon hits you!
* * * LOW HITPOINT WARNING * * *
You are engulfed in flames!
You die...

##.)## ##....
####.[## #.....
##.###..##
#.....
#...###.)##
#.....
#.#.#.###.)##
#.....
..#)..###.)##
##.#..
.o.###.o.###).##
###.. #...#
##...###).## #..
...#
##...3@..)## ###
..# ##.*.#[...##
o# ##....#...#
##..)..#.∩#
##..#.....#
#.....#.∩##
#....#...##
#)..#....##
#........##


You could see an orc high priest, a sun demon and a friendly fulminant prism.

Vanquished Creatures
  Harold (D:10)
  8 hydras
  A shambling mangrove (Swamp:1)
  2 two-headed ogres
  An alligator (Lair:2)
  A death knight (D:11)
  Urug (Lair:1)
  Sonja (Lair:3)
  3 unseen horrors
  The ghost of Farlane the Chopper, a novice DDBe of Trog (D:7)
  2 orb spiders (Spider:1)
  An orc knight (Orc:1)
  An oklob plant (D:12)
  An orc sorcerer (Orc:2)
  A cyclops (D:10)
  A manticore (D:13)
  2 ugly things
  Joseph (D:7)
  3 black mambas
  11 spiny frogs
  A centaur skeleton (D:10)
  A rime drake (Lair:2)
  2 gargoyles
  9 komodo dragons
  5 trolls
  A polar bear (Lair:2)
  4 jumping spiders
  A tyrant leech (Swamp:1)
  20 blink frogs
  3 bog bodies
  3 hornets
  5 hippogriffs
  A spriggan (D:8)
  Sigmund (D:6)
  13 yaks
  A shadow (D:12)
  A wyvern (D:8)
  A basilisk (Lair:3)
  Eustachio (D:6)
  A neqoxec (Orc:2)
  6 vampire mosquitoes (Swamp:1)
  A chaos spawn (Orc:2)
  A soldier ant (D:13)
  Edmund (D:5)
  10 water moccasins
  Duvessa (D:7)
  7 porcupines
  The ghost of Farlane the Firebug, an amateur DEFE (D:3)
  3 ice beasts
  23 orc warriors
  A swamp drake (Swamp:1)
  A sky beast (D:8)
  2 black bears
  11 ogres
  2 eyes of draining
  A necrophage (D:8)
  A phantom (D:4)
  9 wolves
  9 crocodiles
  4 centaurs
  3 big kobolds
  9 bullfrogs
  Dowan (D:7)
  2 wyvern skeletons
  7 scorpions
  10 killer bees
  8 wights
  An oklob sapling (D:12)
  5 howler monkeys
  7 crimson imps
  2 centaur zombies
  3 quasits
  3 bullfrog zombies
  20 orc priests
  5 hounds
  3 jellies
  13 orc wizards
  A bullfrog skeleton (D:5)
  7 iguanas
  4 hell rats (Lair:5)
  4 worker ants
  2 hound zombies
  A hound skeleton (D:5)
  10 gnolls
  A howler monkey skeleton (D:8)
  13 adders
  2 shadow imps
  An ooze (D:3)
  2 adder skeletons
  A worm (D:2)
  A dart slug (D:4)
  49 orcs
  6 ball pythons (D:12)
  14 bats
  8 giant cockroaches
  6 goblins
  9 hobgoblins
  8 jackals
  23 kobolds
  5 quokkas
  3 frilled lizards
  2 jackal skeletons
  6 rats
  2 fulminant prisms
  4 fungi
  5 plants
516 creatures vanquished.

Vanquished Creatures (collateral kills)
  An orc warrior (D:9)
  An orc wizard (D:11)
2 creatures vanquished.

Vanquished Creatures (others)
  273 fulminant prisms
  10 fungi
  6 plants
289 creatures vanquished.

Grand Total: 807 creatures vanquished

Notes
Turn   | Place    | Note
-------+----------+-------------------------------------------
     0 | D:1      | Luthien the Deep Elf Conjurer began the quest for the Orb.
     0 | D:1      | Reached XP level 1. HP: 10/10 MP: 6/6
   207 | D:1      | Reached XP level 2. HP: 15/15 MP: 5/8
   211 | D:1      | Learned a level 2 spell: Searing Ray
  1024 | D:1      | Reached XP level 3. HP: 19/19 MP: 8/10
  1475 | D:2      | You fall into a shaft and drop 1 floor!
  1823 | D:2      | Found a glowing golden altar of the Shining One.
  2131 | D:2      | Reached skill level 1 in Fighting
  2241 | D:3      | Reached skill level 4 in Spellcasting
  2259 | D:3      | Reached skill level 5 in Conjurations
  2259 | D:3      | Reached XP level 4. HP: 25/25 MP: 3/12
  2442 | D:3      | Found a runed translucent door.
  2856 | D:3      | Found an iron altar of Okawaru.
  3051 | D:3      | Noticed Farlane's ghost (amateur DEFE)
  3085 | D:4      | Reached XP level 5. HP: 30/30 MP: 9/14
  3160 | D:4      | Reached skill level 5 in Spellcasting
  3173 | D:4      | Noticed an ogre
  3181 | D:4      | Killed an ogre
  3181 | D:4      | Reached XP level 6. HP: 35/36 MP: 0/16
  3607 | D:4      | Reached skill level 6 in Spellcasting
  3676 | D:4      | Reached XP level 7. HP: 41/41 MP: 2/18
  3875 | D:4      | Found a blossoming altar of Fedhas.
  4244 | D:5      | Entered Level 5 of the Dungeon
  4244 | D:5      | Noticed Edmund
  4415 | D:5      | Reached skill level 7 in Spellcasting
  4482 | D:5      | You fall into a shaft and drop 1 floor!
  4525 | D:6      | Learned a level 4 spell: Fulminant Prism
  4530 | D:6      | Learned a level 4 spell: Iskenderun's Mystic Blast
  4760 | D:6      | Noticed Eustachio
  4772 | D:6      | Killed Eustachio
  4772 | D:6      | Reached XP level 8. HP: 48/48 MP: 4/21
  5213 | D:6      | Found a sacrificial altar of Ru.
  5261 | D:6      | Found Evuteck's General Store.
  5266 | D:6      | Noticed an air elemental
  5267 | D:6      | Found a stormy altar of Qazlal.
  5269 | D:6      | Bought a potion of haste for 140 gold pieces
  5272 | D:6      | Noticed Sigmund
  5283 | D:6      | Killed Sigmund
  5283 | D:6      | Reached skill level 8 in Spellcasting
  6624 | D:7      | Noticed Dowan
  6723 | D:7      | Reached skill level 5 in Fighting
  6730 | D:7      | Noticed Joseph
  6957 | D:7      | Reached skill level 9 in Spellcasting
  7425 | D:6      | Reached XP level 9. HP: 39/54 MP: 1/24
  7720 | D:7      | Noticed Duvessa
  7726 | D:7      | Killed Duvessa
  7839 | D:7      | Killed Joseph
  7839 | D:7      | Reached skill level 10 in Spellcasting
  7989 | D:7      | Noticed Farlane's ghost (novice DDBe)
  8006 | D:7      | Found a runed translucent door.
  8019 | D:7      | Learned a level 1 spell: Animate Skeleton
  8044 | D:7      | Killed Dowan
  8397 | D:7      | Learned a level 1 spell: Summon Small Mammal
  8534 | D:7      | Found a hide-covered altar of Uskayaw.
  8661 | D:8      | Reached skill level 1 in Necromancy
  8662 | D:8      | Reached skill level 1 in Summonings
  8819 | D:8      | Found a transporter.
  8834 | D:8      | Noticed a two-headed ogre
  8843 | D:8      | Killed a two-headed ogre
  8843 | D:8      | Reached XP level 10. HP: 61/61 MP: 7/26
  9286 | D:8      | Reached skill level 11 in Spellcasting
  9286 | D:8      | Reached skill level 10 in Conjurations
  9384 | D:8      | Found a shadowy altar of Dithmenos.
  9550 | D:8      | Found a bloodstained altar of Trog.
  9577 | D:8      | Identified the +6 short sword of Lust {vorpal, *Rage +Fly
                  | MR+ Dex+3}
  9578 | D:8      | Noticed Farlane's ghost (novice DDBe)
  9588 | D:8      | Found a transporter.
  9612 | D:8      | Noticed a moth of wrath
  9849 | D:5      | Killed Edmund
 10173 | D:5      | Identified the +8 war axe of Gluttony {drain, Int+2 Dex+2}
 10319 | D:5      | Found a staircase to the Ecumenical Temple.
 10340 | Temple   | Entered the Ecumenical Temple
 10454 | Temple   | Became a worshipper of Vehumet
 10614 | D:5      | Found a shimmering blue altar of Sif Muna.
 10693 | D:5      | Found a shimmering altar of Xom.
 11734 | D:9      | Reached skill level 12 in Spellcasting
 11863 | D:9      | Found a staircase to the Lair.
 12541 | D:9      | Reached * piety under Vehumet
 12541 | D:9      | Offered knowledge of Shock by Vehumet.
 12823 | D:10     | Entered Level 10 of the Dungeon
 12876 | D:10     | Found Wifuh's Magic Scroll Emporium.
 12883 | D:10     | Bought a scroll of blinking for 75 gold pieces
 12896 | D:10     | Killed an unseen horror
 12896 | D:10     | Reached XP level 11. HP: 42/68 MP: 10/29
 13451 | D:10     | Noticed Harold
 13462 | D:10     | Killed Harold
 13647 | D:10     | Found a hazy altar of Hepliaklqana.
 13910 | D:10     | Reached ** piety under Vehumet
 13915 | D:10     | Offered knowledge of Foxfire by Vehumet.
 13941 | D:10     | Learned a level 1 spell: Foxfire
 14161 | D:11     | Reached skill level 1 in Fire Magic
 14187 | D:11     | Reached skill level 1 in Hexes
 14187 | D:11     | Reached skill level 1 in Translocations
 14346 | D:11     | Found a staircase to the Orcish Mines.
 14497 | D:11     | Noticed a death knight
 14864 | D:11     | Noticed a four-headed hydra
 14932 | Lair:1   | Entered Level 1 of the Lair of Beasts
 14941 | Lair:1   | Noticed Urug
 15092 | D:11     | Killed an unseen horror
 15092 | D:11     | Reached skill level 13 in Spellcasting
 15138 | D:11     | Noticed a two-headed ogre
 15147 | D:11     | Killed a two-headed ogre
 15274 | D:11     | Noticed a four-headed hydra
 15284 | D:11     | Killed a four-headed hydra
 15463 | D:11     | Killed a four-headed hydra
 15653 | D:11     | Killed a death knight
 15661 | D:11     | Offered knowledge of Mephitic Cloud by Vehumet.
 15930 | D:11     | Found a roughly hewn altar of Beogh.
 16546 | Lair:1   | Killed Urug
 16858 | Lair:1   | Reached XP level 12. HP: 75/75 MP: 27/31
 17443 | Lair:1   | Reached skill level 5 in Fire Magic
 17881 | Lair:1   | Reached *** piety under Vehumet
 18341 | Lair:2   | Found a staircase to the Swamp.
 18730 | Lair:2   | Reached skill level 5 in Hexes
 19102 | Lair:2   | Offered knowledge of Stone Arrow by Vehumet.
 20383 | Lair:3   | Noticed a five-headed hydra
 20392 | Lair:3   | Killed a five-headed hydra
 20672 | Lair:3   | Noticed Sonja
 20675 | Lair:3   | Killed Sonja
 20690 | Lair:3   | Reached skill level 14 in Spellcasting
 20881 | Lair:3   | Found a hole to the Spider Nest.
 21072 | Lair:3   | Reached skill level 5 in Stealth
 21574 | Lair:3   | Reached **** piety under Vehumet
 22348 | Lair:4   | Reached XP level 13. HP: 72/80 MP: 31/33
 22357 | Lair:3   | Learned a level 3 spell: Stone Arrow
 25716 | D:5      | Identified Sif Muna's Grimoire of the Entourage
 25796 | D:3      | Killed Farlane's ghost
 25903 | D:7      | Killed Farlane's ghost
 27343 | D:12     | Got a smoking flail
 27443 | D:12     | Offered knowledge of Airstrike by Vehumet.
 28528 | D:12     | Identified Migryete's Papyrus of Nature
 28546 | D:12     | Reached skill level 10 in Fighting
 28739 | D:13     | Noticed Frances
 28842 | D:9      | Identified the +3 flail "Qimekapt" {freeze, rF- rN++} (You
                  | found it on level 12 of the Dungeon)
 28917 | Swamp:1  | Entered Level 1 of the Swamp
 29250 | Lair:2   | Learned a level 4 spell: Airstrike
 29551 | D:13     | Noticed Nessos
 29612 | D:13     | Reached skill level 15 in Spellcasting
 29664 | D:14     | Found a gate to the Vaults.
 29767 | D:13     | Reached skill level 1 in Air Magic
 30117 | Spider:1 | Entered Level 1 of the Spider Nest
 30700 | Swamp:1  | Reached ***** piety under Vehumet
 30963 | Orc:1    | Entered Level 1 of the Orcish Mines
 31032 | Orc:2    | Entered Level 2 of the Orcish Mines
 31259 | Swamp:1  | Offered knowledge of Sticky Flame by Vehumet.
 31658 | Swamp:1  | Reached XP level 14. HP: 88/88 MP: 23/35
 32072 | Orc:2    | Learned a level 4 spell: Sticky Flame
 32477 | Orc:2    | Found Ackiaxawn's Food Boutique.
 32532 | Orc:2    | Found Tiupeec's General Store.
 32690 | Orc:2    | HP: 2/88 [sun demon (10)]
 32690 | Orc:2    | Demolished by a sun demon

Illustrated notes

Levels and vault maps discovered:
D:1:      heliophobic_arrival_battle_scene, layout_loops_ring,
          minmay_heptomino_h4
D:2:      layout_loops_corners, nicolae_overflow_crystal_walls
D:3:      layout_rooms, gammafunk_ghost_grave, kennysheep_okawaru_gauntlet
D:4:      layout_rooms, fedhas_altar_1, kennysheep_generic_room_13
D:5:      layout_cave_pools, led_sif_book, kennysheep_little_box,
          minmay_temple_entry_ruins, serial_column_ruins, column_ruins_grid_1,
          column_ruins_open_medium, column_ruins_open_medium,
          column_ruins_open_medium, column_ruins_grid_1,
          column_ruins_open_small, first_ration, minmay_door_square, uniq_edmund
D:6:      layout_layer_cave, nicolae_qazlal_style_of_elements, basic_altar,
          serial_shops, shop, uniq_eustachio, uniq_sigmund
D:7:      layout_cave_pools, lemuel_round_altar, hellmonk_ghost_happy_afterlife,
          uniq_joseph, uniq_duvessa
D:8:      layout_rooms, nicolae_dithmenos_the_darkroom,
          gammafunk_ghost_wrathful_warriors, the_bakery,
          minmay_misc_feat_nine_boxes
D:9:      cheibrodos_helix_gallery, layout_stronghold,
          grunt_lair_entry_orc_guard_hut, kennysheep_generic_room_7
D:10:     layout_cave_pods, basic_altar, serial_shops, nicolae_shop_crystal,
          uniq_harold
D:11:     layout_loops_ring, minmay_orc_entry_temple_small
D:12:     layout_layer_cave, introduction_to_nature_2
D:13:     layout_cave_pools, uniq_frances, uniq_nessos
D:14:     layout_small_grid, david_vaults_3, gammafunk_ghost_necromancy,
          gauntlet_entry_generic, special_room [special_room_orc],
          hangedman_abyss_or_decor_stabs, uniq_kirke
Temple:   regret_index_temple_generic_petals
Lair:1:   layout_cave_pods, beast_lair_carwin_2, uniq_urug
Lair:2:   layout_small_grid, skrybe_swamp_entry_bodies, grunt_megastairs_1,
          infiniplex_staircase_pool
Lair:3:   layout_cave_pods, spider_nest_entry_rubble,
          chequers_serial_rivers_micro_e, uniq_sonja
Lair:4:   layout_big_grid, lemuel_fruit_tree
Lair:5:   layout_cave_pods
Swamp:1:  layout_basic_swamp, nicolae_swamp_trees_clearing, swamp_pool3
Spider:1: layout_spider_delve
Orc:1:    layout_diamond_mine
Orc:2:    pf_orc_diabolical, layout_diamond_mine, nicolae_orc_jurassic_orc

Skill      XL: |  1  2  3  4  5  6  7  8  9 10 11 12 13 14 |
---------------+-------------------------------------------+-----
Stealth        | 3 5 8 |  8.5
Dodging        | 3 |  3.0
Fighting       | 1 2 3 4 5 6 7 8 9 10 | 10.2
Spellcasting   | 4 5 6 7 9 10 12 13 14 15 | 15.3
Conjurations   | 5 6 7 8 9 11 12 13 | 13.5
Necromancy     | 3 4 |  4.0
Summonings     | 2 3 |  3.0
Fire Magic     | 4 8 9 |  9.7
Hexes          | 3 6 |  6.0
Translocations | 3 4 |  4.0
Air Magic      | 2 3 |  3.4

Action                   |  1- 3 |  4- 6 |  7- 9 | 10-12 | 13-15 || total
-------------------------+-------+-------+-------+-------+-------++-------
Melee: Dagger            |       |       |    18 |     2 |       ||    20
       War axe           |       |       |       |    11 |     4 ||    15
Throw: Stone             |       |       |     4 |     3 |       ||     7
 Cast: Magic Dart        |    67 |    57 |    34 |   133 |   124 ||   415
       Searing Ray       |     9 |    17 |    37 |   131 |   104 ||   298
       Fulminant Prism   |       |       |    51 |   117 |   113 ||   281
       Summon Small Mamm |       |       |       |    43 |     1 ||    44
       Iskenderun's Myst |       |       |       |     7 |     7 ||    14
       Stone Arrow       |       |       |       |       |     1 ||     1
       Sticky Flame      |       |       |       |       |     1 ||     1
 Abil: Evoke Flight      |       |       |       |       |     3 ||     3
Evoke: Wand              |       |       |     1 |     6 |     5 ||    12
  Use: Scroll            |       |       |    10 |    15 |    11 ||    36
       Potion            |       |       |     2 |       |     1 ||     3
  Eat: Chunk             |     4 |     4 |    14 |    37 |    23 ||    82
       Ration            |       |       |     1 |     1 |     3 ||     5
Armor: Robe              |       |     2 |     2 |       |       ||     4
       Leather armour    |       |       |    29 |    12 |       ||    41
       Ring mail         |       |       |       |    80 |    59 ||   139
Dodge: Dodged            |     1 |     6 |    45 |   101 |    98 ||   251
